 Dungeon Crawl Stone Soup version 0.18.1-2-ga659475 (webtiles) character file.

41532 Ijustatesigmund the Severer (level 13, -3/126 HPs)
             Began as a Minotaur Fighter on May 8, 2016.
             Was the Champion of Cheibriados.
             Slain by a frost giant
             ... wielding a +1 battleaxe of freezing
              (4 damage)
             ... in an ice cave.
             The game lasted 00:58:41 (16548 turns).

Ijustatesigmund the Severer (Minotaur Fighter)     Turns: 16548, Time: 00:58:42

Health: -3/126     AC: 14    Str: 38    XL:     13   Next: 80%
Magic:  18/18      EV: 19    Int: 21    God:    Cheibriados [******]
Gold:   1124       SH:  0    Dex: 27    Spells: 0 memorised, 12 levels left

rFire  + . .     SeeInvis .     N - +2 battleaxe (flame)
rCold  . . .     Gourm    .     O - +2 scale mail {rF+}
rNeg   . . .     Faith    .     (shield currently unavailable)
rPois  .         Spirit   .     F - +2 hat
rElec  .         Dismiss  .     (no cloak)
rCorr  .         Reflect  .     h - +1 pair of gloves
SustAt .         Harm     .     (no boots)
MR     .....                    (no amulet)
Stlth  +.........               M - +3 ring of evasion
                                w - +3 ring of evasion

@: very slightly contaminated, very heavily drained, invisible (expiring), very
slow, not resistant to hostile enchantments, very unstealthy
A: retaliatory headbutt, horns 2
a: Bend Time, Temporal Distortion, Slouch, Step From Time, Renounce Religion


You were in an ice cave.
You worshipped Cheibriados.
Cheibriados was exalted by your worship.
You were not hungry.

You visited 3 branches of the dungeon, and saw 17 of its levels.
You also visited: Ossuary, Ice Cave and Volcano.

You collected 1124 gold pieces.

Inventory:

Hand Weapons
 a - a +2 war axe of venom
 N - a +2 battleaxe of flaming (weapon)
Missiles
 q - 14 tomahawks (quivered)
Armour
 h - a +1 pair of gloves (worn)
 F - a +2 hat (worn)
 O - a +2 scale mail of fire resistance (worn)
Jewellery
 r - an uncursed ring of flight
 w - a +3 ring of evasion (left hand)
 M - a +3 ring of evasion (right hand)
Wands
 b - a wand of slowing (22/48)
 x - a wand of lightning (8/15)
 y - a wand of iceblast (8/15)
 H - a wand of paralysis (16/24)
 I - a wand of slowing (19/48)
 J - a wand of enslavement (9/24)
 Q - a wand of slowing (29/48)
 R - a wand of lightning (5/15)
 S - a wand of lightning (1/15)
 T - a wand of random effects (22/48)
 U - a wand of polymorph (15/24)
Scrolls
 d - a scroll of immolation
 e - 6 scrolls of identify
 j - a scroll of magic mapping
 l - 6 scrolls of remove curse
 o - 5 scrolls of amnesia
 t - 2 scrolls of fog
 G - 2 scrolls of recharging
 L - 2 scrolls of holy word
Potions
 i - a potion of ambrosia
 k - 2 potions of might
 n - 3 potions of lignification
 p - 3 potions of brilliance
 s - 7 potions of curing
 v - 2 potions of resistance
 z - a potion of cancellation
 A - 4 potions of agility
 B - 3 potions of flight
Books
 m - a Young Poisoner's Handbook

   Spells                             Type                      Level
   a - Sting                          Conjuration/Poison           1
   b - Cure Poison                    Poison                       2
   c - Mephitic Cloud                 Conjuration/Poison/Air       3
   d - Olgreb's Toxic Radiance        Poison                       4
   e - Venom Bolt                     Conjuration/Poison           5
 P - a book of the Sky

   Spells                             Type                      Level
   a - Summon Lightning Spire         Summoning/Air                4
   b - Airstrike                      Air                          4
   c - Silence                        Hexes/Air                    5
   d - Deflect Missiles               Charms/Air                   6
   e - Conjure Ball Lightning         Conjuration/Air              6
   f - Tornado                        Air                          9
Comestibles
 f - 13 bread rations
 g - 6 meat rations
 D - 6 beef jerkies
 K - 12 fruits


   Skills:
 + Level 15.0(10.4) Fighting
 - Level 15.0(10.4) Axes
 + Level 13.2(8.8) Armour
 - Level 6.2(2.6) Dodging
   Level 8.1(4.3) Shields
 - Level 8.5(4.6) Invocations


You had 12 spell levels left.
You didn't know any spells.

Dungeon Overview and Level Annotations

Branches:
Dungeon (12/15)            Temple (1/1) D:6            Lair (4/8) D:8
    Orc (0/2) D:9
  Swamp: Lair:3-6    Shoals: Lair:3-6     Snake: Lair:3-6    Spider: Lair:3-6

Altars:
Ashenzari
Cheibriados
Dithmenos
Elyvilon
Fedhas
Gozag
Kikubaaqudgha
Makhleb
Nemelex Xobeh
Okawaru
Pakellas
Qazlal
Ru
Sif Muna
Trog
Vehumet
Xom
Yredelemnul
Zin
The Shining One
Beogh

Shops:
D:7 :   D:8 %:}


Innate Abilities, Weirdness & Mutations

You reflexively headbutt those who attack you in melee.
You have a pair of horns on your head.


Message History

The polar bear resists with some effort.
Evoking this partially-identified wand wasted a few charges.
The polar bear closely misses you. You furiously retaliate!
You headbutt the polar bear!!
The polar bear completely misses you. x2
You feel a little less mighty now.
You flicker for a moment.
The frost giant hits you with a battleaxe of freezing!
* * * LOW HITPOINT WARNING * * *
The frost giant freezes you.
* * * LOW HITPOINT WARNING * * *
Okay, then.
Read which item? (? for menu, Esc to quit)
Okay, then.
Drink which item? (? for menu, Esc to quit)
Okay, then.
You fail to use your ability.
The frost giant hits you with a battleaxe of freezing!
* * * LOW HITPOINT WARNING * * *
The frost giant freezes you.
You die...

.##
##...####
#≈≈≈##
######..###
#≈≈##≈≈#
#.##...##
##≈≈#≈≈##
#..#..##
#≈≈≈≈≈≈≈#
.#...##
#≈≈≈≈≈≈#≈#
.##.##
≈≈≈≈#≈#≈.#
#####
≈#≈≈≈##.##
≈≈≈≈≈#..#
##
≈#≈≈##@##
.# ≈≈≈
#C###.#
##h#.##
#....#
##.#.#
###.## ##C#
##.# #..#


You could see a frost giant and a polar bear.

Vanquished Creatures
  Gastronok (Lair:3)
  The ghost of skk the Basher, a journeyman MiFi of Okawaru (IceCv)
  3 hydras
  Harold (Volcano)
  A centaur warrior (D:11)
  Erolcha (D:8)
  A death yak (IceCv)
  The ghost of oplop the Spear-Bearer, a novice MfGl of Ru (D:9)
  A queen ant (Lair:2)
  An unseen horror (D:11)
  3 hill giants
  2 ugly things
  2 deep elf magi
  2 black mambas
  2 elephants (Lair:4)
  3 spiny frogs
  An ice statue (D:12)
  3 centaur skeletons (D:11)
  The ghost of M4edhros the Covert, a novice OpAr of Gozag (D:5)
  5 komodo dragons
  7 polar bears (IceCv)
  3 trolls
  Grinder (D:6)
  3 slime creatures (D:12)
  A two-headed ogre (D:8)
  6 blink frogs
  2 shadows (D:11)
  A wraith (D:12)
  Sigmund (D:2)
  A fire bat (Volcano)
  52 yaks
  A vampire (D:11)
  4 wyverns
  8 hippogriffs
  2 hungry ghosts
  Menkaure (D:5)
  A mottled dragon (D:12)
  9 water moccasins
  6 soldier ants (Lair:2)
  4 porcupines
  A necrophage (D:8)
  4 orc warriors
  A black bear (D:6)
  4 ice beasts
  3 sky beasts
  7 centaurs
  10 ogres
  11 wolves
  7 crocodiles
  2 big kobolds
  12 giant frogs
  A gnoll sergeant (D:11)
  A wyvern skeleton (D:11)
  2 water moccasin zombies (Ossuary)
  4 scorpions
  2 electric eels (Lair:1)
  2 wights (D:11)
  A howler monkey (D:8)
  6 crimson imps
  4 lava snakes (Volcano)
  2 quasits (D:9)
  A centaur zombie (D:5)
  3 giant frog zombies
  A giant frog skeleton (D:6)
  4 hounds
  5 jellies
  Crazy Yiuf (D:3)
  9 orc priests
  15 orc wizards
  Jessica (D:3)
  Ijyb (D:3)
  9 iguanas
  21 worker ants
  3 big kobold zombies (Ossuary)
  2 hound skeletons
  2 mummies (Ossuary)
  A worker ant zombie (D:7)
  Robin (D:3)
  18 gnolls
  16 adders
  19 river rats (Lair:3)
  2 shadow imps
  6 adder zombies
  An adder skeleton (D:4)
  2 worms (D:4)
  3 dart slugs
  6 giant geckos
  69 orcs
  2 ball pythons
  7 bats
  5 giant cockroaches
  6 gnoll zombies (Ossuary)
  19 goblins
  9 hobgoblins
  14 jackals
  12 kobolds
  5 quokkas
  A giant gecko skeleton (D:5)
  9 giant newts
  8 hobgoblin zombies (Ossuary)
  2 kobold zombies (Ossuary)
  8 orc zombies (Ossuary)
  3 rats (D:3)
  4 butterflies (D:6)
  A fungus (Lair:3)
574 creatures vanquished.

Vanquished Creatures (others)
  5 wolves (IceCv)
  A quokka zombie (D:8)
  2 fungi
  7 plants
15 creatures vanquished.

Grand Total: 589 creatures vanquished

Notes
Turn   | Place    | Note
--------------------------------------------------------------
     0 | D:1      | Ijustatesigmund the Minotaur Fighter began the quest for the Orb.
     0 | D:1      | Reached XP level 1. HP: 19/19 MP: 0/0
   117 | D:1      | Reached XP level 2. HP: 17/27 MP: 1/1
   722 | D:2      | Reached XP level 3. HP: 34/34 MP: 2/2
   749 | D:2      | Noticed Sigmund
   765 | D:2      | Killed Sigmund
   765 | D:2      | Reached skill level 5 in Fighting
   765 | D:2      | Reached skill level 5 in Axes
   765 | D:2      | Reached XP level 4. HP: 28/44 MP: 3/3
   765 | D:2      | Reached XP level 5. HP: 32/50 MP: 4/4
  1020 | D:2      | Found an opulent altar of Gozag.
  1605 | D:3      | Noticed Jessica
  1607 | D:3      | Killed Jessica
  1607 | D:3      | Reached XP level 6. HP: 57/57 MP: 5/5
  2213 | D:3      | Noticed Crazy Yiuf
  2221 | D:3      | Killed Crazy Yiuf
  2284 | D:3      | Found a deep blue altar of Sif Muna.
  2290 | D:3      | Found an oddly glowing altar of Pakellas.
  2306 | D:3      | Noticed Ijyb
  2315 | D:3      | Killed Ijyb
  2562 | D:3      | Noticed Robin
  2569 | D:3      | Killed Robin
  2759 | D:4      | Reached XP level 7. HP: 32/66 MP: 6/6
  3226 | D:4      | Found a sparkling altar of Nemelex Xobeh.
  3634 | D:5      | Entered Level 5 of the Dungeon
  3635 | D:5      | Found a sand-covered staircase.
  3687 | Ossuary  | Entered an ossuary
  3785 | Ossuary  | Reached XP level 8. HP: 52/75 MP: 7/7
  4138 | D:5      | Noticed M4edhros's ghost (novice OpAr)
  4144 | D:5      | Killed M4edhros's ghost
  4149 | D:5      | Noticed Menkaure
  4156 | D:5      | Killed Menkaure
  4772 | D:6      | Noticed Grinder
  4785 | D:6      | Found a staircase to the Ecumenical Temple.
  4790 | D:6      | Killed Grinder
  4790 | D:6      | Reached skill level 10 in Fighting
  4790 | D:6      | Reached skill level 10 in Axes
  4801 | Temple   | Entered the Ecumenical Temple
  4812 | Temple   | Became a worshipper of Cheibriados the Contemplative
  4852 | D:6      | You fall through a shaft!
  4919 | D:7      | Reached skill level 1 in Dodging
  4919 | D:7      | Reached XP level 9. HP: 76/85 MP: 8/8
  5118 | D:6      | Reached skill level 5 in Shields
  5135 | D:6      | Reached * piety under Cheibriados
  5139 | D:6      | Reached skill level 5 in Armour
  5654 | D:6      | You fall through a shaft!
  5661 | D:7      | Found Kaixann's Book Shop.
  6045 | D:7      | Reached ** piety under Cheibriados
  6467 | D:8      | Reached skill level 5 in Dodging
  6480 | D:8      | Noticed Erolcha
  6481 | D:8      | Found Othal's Gadget Emporium.
  6486 | D:8      | Killed Erolcha
  6486 | D:8      | Reached XP level 10. HP: 63/93 MP: 9/9
  6620 | D:8      | Reached *** piety under Cheibriados
  6699 | D:8      | Found Ebaored's Food Emporium.
  6743 | D:8      | Found Mihakax's Book Shop.
  6900 | D:8      | Found a staircase to the Lair.
  7007 | D:8      | Found a burning altar of Makhleb.
  7291 | D:9      | Found a shadowy altar of Dithmenos.
  7299 | D:9      | Reached skill level 1 in Invocations
  7380 | D:9      | Found a roughly hewn altar of Beogh.
  7380 | D:9      | Found a staircase to the Orcish Mines.
  7390 | D:9      | Reached **** piety under Cheibriados
  7572 | D:9      | Reached skill level 5 in Invocations
  7587 | D:9      | Noticed oplop's ghost (novice MfGl)
  7603 | D:9      | Killed oplop's ghost
  7755 | D:9      | Reached ***** piety under Cheibriados
  7761 | D:9      | Reached XP level 11. HP: 100/100 MP: 13/15
  7786 | D:9      | Noticed a six-headed hydra
  8691 | D:10     | Entered Level 10 of the Dungeon
  8741 | D:10     | Noticed a hill giant
  8747 | D:10     | Killed a hill giant
  9490 | D:11     | Killed an unseen horror
  9542 | D:11     | Noticed a six-headed hydra
  9543 | D:11     | Noticed a cyan ugly thing
  9831 | D:10     | Noticed a hill giant
  9837 | D:10     | Killed a hill giant
  9933 | Lair:1   | Entered Level 1 of the Lair of Beasts
 10243 | Lair:1   | Reached ****** piety under Cheibriados
 11113 | Lair:2   | Noticed a queen ant
 11119 | Lair:2   | Killed a queen ant
 11119 | Lair:2   | Reached XP level 12. HP: 106/110 MP: 17/17
 11306 | Lair:2   | Noticed a six-headed hydra
 11727 | Lair:2   | Killed an 11-headed hydra
 12179 | Lair:2   | Reached skill level 15 in Axes
 12491 | Lair:3   | Noticed Gastronok
 12510 | Lair:3   | Killed Gastronok
 12790 | Lair:3   | Reached skill level 10 in Armour
 13044 | Lair:3   | Noticed a five-headed hydra
 13053 | Lair:3   | Killed a ten-headed hydra
 13464 | Lair:4   | Reached XP level 13. HP: 79/122 MP: 18/18
 13478 | Lair:4   | Found a dark tunnel.
 13596 | Volcano  | Entered a volcano
 13704 | Volcano  | Noticed Harold
 13714 | Volcano  | Killed Harold
 13725 | Volcano  | Found a radiant altar of Vehumet.
 14204 | D:11     | Got a heavily runed jade ring
 14232 | D:11     | Found an opulent altar of Gozag.
 14450 | D:11     | Identified the ring of the Demon Prince {rF+ Dex+4 Slay-4 Stlth-} (You took it off a centaur warrior on level 11 of the Dungeon)
 14890 | D:12     | Found a frozen archway.
 15054 | IceCv    | Entered an ice cave
 16108 | IceCv    | Noticed skk's ghost (journeyman MiFi)
 16135 | IceCv    | Killed skk's ghost
 16135 | IceCv    | Reached skill level 15 in Fighting
 16522 | IceCv    | Noticed a frost giant
 16548 | IceCv    | HP: 1/126 [frost giant/battleaxe of freezing (17)]
 16548 | IceCv    | Slain by a frost giant

Skill      XL: |  1  2  3  4  5  6  7  8  9 10 11 12 13 |
---------------+----------------------------------------+-----
Fighting       | 4 5 6 7 8 10 11 13 15 | 15.0
Axes           | 3 5 7 8 10 13 15 | 15.0
Dodging        | 1 5 6 |  6.2
Shields        | 4 7 8 |  8.1
Armour         | 7 8 10 13 | 13.2
Invocations    | 6 8 |  8.5

Action                   |  1- 3 |  4- 6 |  7- 9 | 10-12 | 13-15 || total
-------------------------+-------+-------+-------+-------+-------++-------
Melee: War axe           |    55 |   165 |   371 |   536 |    20 ||  1147
       Headbutt          |     6 |    24 |    96 |   210 |    66 ||   402
       Battleaxe         |       |       |       |       |   194 ||   194
Invok: Slouch            |       |       |       |     6 |     2 ||     8
       Bend Time         |       |       |       |     1 |       ||     1
Evoke: Wand              |       |       |       |     2 |     1 ||     3
  Use: Scroll            |     5 |     7 |     9 |    13 |     7 ||    41
       Potion            |     1 |     2 |       |       |     4 ||     7
 Stab: Sleeping          |       |       |       |     3 |       ||     3
       Invisible         |       |       |       |       |     2 ||     2
  Eat: Chunk             |       |     6 |     7 |     8 |     2 ||    23
       Beef jerky        |       |       |     1 |       |     2 ||     3
       Royal jelly       |       |       |     1 |     2 |       ||     3
       Pizza             |       |       |       |     1 |     1 ||     2
Armor: Scale mail        |    30 |    24 |       |       |    69 ||   123
       Ring mail         |       |    25 |    82 |   102 |     2 ||   211
Dodge: Dodged            |    19 |    51 |   118 |   298 |   238 ||   724
Block: Shield            |    31 |    95 |   149 |   377 |    18 ||   670
